 Dungeon Crawl Stone Soup version 0.29.1-15-g9cfb28693d (webtiles) character file.

Game seed: 6364601374495785439

695753 suse60 the Conqueror (level 27, -8/273 HPs)
             Began as a Formicid Fighter on Feb 3, 2023.
             Was the Champion of Makhleb.
             Mangled by Asmodeus
             ... wielding the +7 sceptre of Asmodeus
              (31 damage)
             ... on level 7 of Gehenna on Mar 5, 2023.
             The game lasted 11:38:15 (65164 turns).

suse60 the Conqueror (Formicid Fighter)            Turns: 65164, Time: 11:38:16

Health: -8/273     AC: 50    Str: 37      XL:     27
Magic:  31/31      EV: 29    Int:  5      God:    Makhleb [******]
Gold:   6125       SH: 19    Dex: 18 (20) Spells: 26/26 levels left

rFire   + + +      SeeInvis +   h - +9 battleaxe "Dashreveff" {venom, Fly rF+ Will++ Dex-2}
rCold   + . .      Faith    .   f - +7 kite shield of Gallantry {Harm rF+ rN+ Int-4 Slay+2}
rNeg    + + .      Spirit   .   J - +12 gold dragon scales of Yfyqiekk {Rampage rPois rF+ rC+ rN+ Will+ Int+2 Stlth+}
rPois   +          Reflect  .   (helmet unavailable)
rElec   .          Harm     +   q - +2 cloak {rPois}
rCorr   .          Rampage  +   p - +0 pair of fencer's gloves {Riposte Dex+3}
Will    +++++      Clarity  +   F - +1 pair of boots "Tewoc" {rF++}
Stlth   ..........              x - amulet of Vitality {RegenMP++ Regen++}
HPRegen 2.15/turn               y - ring of the Hare {EV+8}
MPRegen 1.02/turn               i - ring of Yendor {+Blink rF+ AC+4 Str+7}

@: mighty, flying, studying 2 skills, unable to read
A: permanent stasis, dig shafts and tunnels, antennae 3, four strong arms,
hooves 2, agile 1, clarity, deterioration 1, dopey 1, low MP 1, robust 1
}: 5/15 runes: serpentine, barnacled, slimy, silver, abyssal
a: Dig, Shaft Self, Renounce Religion, Minor Destruction, Lesser Servant of
Makhleb, Major Destruction, Greater Servant of Makhleb


You were on level 7 of Gehenna.
You worshipped Makhleb.
Makhleb was exalted by your worship.
You visited 14 branches of the dungeon, and saw 60 of its levels.
You visited the Abyss 3 times.
You visited 1 ziggurat, and saw 14 of its levels.
You also visited: Trove, Bailey and Wizlab.

You collected 11291 gold pieces.
You spent 5166 gold pieces at shops.

Inventory:

Hand Weapons
 h - the +9 battleaxe "Dashreveff" (weapon) {venom, Fly rF+ Will++ Dex-2}
   (You found it in a treasure trove)

   It poisons the flesh of those it strikes.
   Dex:       It affects your dexterity (-2).
   rF:        It protects you from fire.
   Fly:       It grants you flight.
   Will:      It greatly increases your willpower.
 r - a +7 executioner's axe of venom
 w - a +2 sacred scourge of holy wrath
Armour
 f - the +7 kite shield of Gallantry (worn) {Harm rF+ rN+ Int-4 Slay+2}
   (You bought it in a shop on level 2 of the Depths)

   Int:       It affects your intelligence (-4).
   Slay:      It affects your accuracy & damage with ranged weapons and melee
   (+2).
   rF:        It protects you from fire.
   rN:        It protects you from negative energy.
   Harm:      It increases damage dealt and taken.
 p - the +0 pair of fencer's gloves (worn) {Riposte Dex+3}
   (You acquired it on level 3 of the Dungeon)

   It allows the wearer to riposte with melee weapons, swiftly retaliating
   against missed or blocked melee attacks.
   Dex:       It affects your dexterity (+3).
 q - a +2 cloak of poison resistance (worn)
 F - the +1 pair of boots "Tewoc" (worn) {rF++}
   (You found it on level 5 of the Lair of Beasts)

   rF:        It greatly protects you from fire.
 J - the +12 gold dragon scales of Yfyqiekk (worn) {Rampage rPois rF+ rC+ rN+ Will+ Int+2 Stlth+}
   (You found it on level 4 of the Shoals)

   Int:       It affects your intelligence (+2).
   rF:        It protects you from fire.
   rC:        It protects you from cold.
   rPois:     It protects you from poison.
   rN:        It protects you from negative energy.
   Rampage:   It bestows one free step when moving towards enemies.
   Will:      It increases your willpower.
   Stlth:     It makes you more stealthy.
Jewellery
 i - the ring of Yendor (right hand) {+Blink rF+ AC+4 Str+7}
   (You found it on level 6 of a ziggurat)

   [ring of protection]

   AC:        It affects your AC (+4).
   Str:       It affects your strength (+7).
   rF:        It protects you from fire.
   +Blink:    It lets you blink.
 x - the amulet of Vitality (around neck) {RegenMP++ Regen++}
   (You found it on level 2 of the Snake Pit)

   [amulet of magic regeneration]

   It increases your rate of magic regeneration.
   Regen:     It increases your rate of health regeneration.
 y - the ring of the Hare (left hand) {EV+8}
   (You bought it in a shop on level 14 of the Dungeon)

   [ring of evasion]

   EV:        It affects your evasion (+8).
 z - an amulet of the acrobat
 H - the ring of the Butterfly {rElec rC+ rCorr Str+6}
   (You took it off a deep elf demonologist on level 3 of the Elven Halls)

   [ring of strength]

   Str:       It affects your strength (+6).
   rC:        It protects you from cold.
   rElec:     It insulates you from electricity.
   rCorr:     It protects you from acid and corrosion.
Wands
 a - a wand of charming (8)
 g - a wand of light (22)
 n - a wand of digging (11)
 M - a wand of iceblast (23)
Scrolls
 v - 9 scrolls of poison
 B - 6 scrolls of summoning
 D - a scroll of enchant armour
 I - 9 scrolls of magic mapping
Potions
 b - 17 potions of might
 c - 4 potions of mutation
 d - a potion of flight
 e - 3 potions of invisibility
 j - 7 potions of resistance
 k - 2 potions of brilliance
 l - 12 potions of curing
 m - 16 potions of heal wounds
 o - 6 potions of cancellation
 u - 2 potions of magic
Miscellaneous
 s - the horn of Geryon
 t - a lightning rod (4/4)
 A - a phial of floods
 C - a condenser vane


   Skills:
 O Level 27 Fighting
 O Level 27 Axes
 - Level 8.2(19.5) Polearms
 - Level 5.1 Throwing
 + Level 24.7 Armour
 + Level 25.3 Dodging
 - Level 9.2 Shields
 - Level 16.0 Invocations
 - Level 8.2 Evocations


You had 26 spell levels left.
You didn't know any spells.
Your spell library contained the following spells:

 Spells                   Type           Power      Damage    Failure   Level
 Apportation              Tloc           0%         N/A       99%         1
 Beastly Appendage        Tmut           0%         N/A       99%         1
 Magic Dart               Conj           0%         1d3       99%         1
 Necrotise                Necr           0%         1d4       99%         1
 Sandblast                Erth           0%         2d4       99%         1
 Shock                    Conj/Air       0%         1d3       99%         1
 Slow                     Hex            0%         N/A       99%         1
 Sting                    Tmut/Pois      0%         1d3       99%         1
 Summon Small Mammal      Summ           0%         N/A       99%         1
 Passwall                 Tmut/Erth      0%         N/A       100%        2
 Poisonous Vapours        Pois/Air       0%         N/A       100%        2
 Searing Ray              Conj           0%         2d4       100%        2
 Static Discharge         Conj/Air       0%         3-3/arc   100%        2
 Sublimation of Blood     Necr           0%         N/A       100%        2
 Wereblood                Tmut           0%         N/A       100%        2
 Call Canine Familiar     Summ           0%         N/A       100%        3
 Confusing Touch          Hex            0%         N/A       100%        3
 Conjure Flame            Conj/Fire      0%         6-21      100%        3
 Dazzling Flash           Conj/Hex       0%         N/A       100%        3
 Gell's Gravitas          Tloc           0%         N/A       100%        3
 Inner Flame              Hex/Fire       0%         N/A       100%        3
 Lesser Beckoning         Tloc           0%         N/A       100%        3
 Ozocubu's Armour         Ice            0%         N/A       100%        3
 Portal Projectile        Hex/Tloc       0%         N/A       100%        3
 Spider Form              Tmut/Pois      0%         N/A       100%        3
 Stone Arrow              Conj/Erth      0%         3d7       100%        3
 Summon Guardian Golem    Hex/Summ       0%         N/A       100%        3
 Teleport Other           Tloc           0%         N/A       100%        3
 Tukima's Dance           Hex            0%         N/A       100%        3
 Vampiric Draining        Necr           0%         2d6       100%        3
 Airstrike                Air            0%         2d(0-16)  100%        4
 Anguish                  Hex/Necr       0%         N/A       100%        4
 Animate Armour           Summ/Erth      0%         N/A       100%        4
 Dispel Undead            Necr           0%         3d6       100%        4
 Flame Wave               Conj/Fire      0%         2d4       100%        4
 Fulminant Prism          Conj/Hex       0%         3d6       100%        4
 Iskenderun's Mystic Bla  Conj/Tloc      0%         2d3       100%        4
 Leda's Liquefaction      Hex/Erth       0%         N/A       100%        4
 Olgreb's Toxic Radiance  Pois           0%         N/A       100%        4
 Passage of Golubria      Tloc           0%         N/A       100%        4
 Petrify                  Tmut/Erth      0%         N/A       100%        4
 Sticky Flame             Conj/Fire      0%         2d3       100%        4
 Summon Ice Beast         Ice/Summ       0%         N/A       100%        4
 Summon Lightning Spire   Summ/Air       0%         N/A       100%        4
 Agony                    Necr           0%         N/A       100%        5
 Alistair's Intoxication  Tmut/Pois      0%         N/A       100%        5
 Freezing Cloud           Conj/Ice/Air   0%         6-21      100%        5
 Lightning Bolt           Conj/Air       0%         1d11      100%        5
 Manifold Assault         Tloc           0%         N/A       100%        5
 Metabolic Englaciation   Hex/Ice        0%         N/A       100%        5
 Summon Forest            Summ/Tloc      0%         N/A       100%        5
 Yara's Violent Unravell  Hex/Tmut       0%         3d3       100%        5
 Conjure Ball Lightning   Conj/Air       0%         3x3d6     100%        6
 Dispersal                Tloc           0%         N/A       100%        6
 Eringya's Noxious Bog    Tmut/Pois      0%         N/A       100%        6
 Iron Shot                Conj/Erth      0%         9d1       100%        6
 Simulacrum               Ice/Necr       0%         N/A       100%        6
 Starburst                Conj/Fire      0%         6d3       100%        6
 Statue Form              Tmut/Erth      0%         N/A       100%        6
 Summon Cactus Giant      Summ           0%         N/A       100%        6
 Dragon Form              Tmut           0%         N/A       100%        7
 Malign Gateway           Summ/Tloc      0%         N/A       100%        7
 Monstrous Menagerie      Summ           0%         N/A       100%        7
 Ozocubu's Refrigeration  Ice            0%         4d7       100%        7
 Storm Form               Tmut/Air       0%         N/A       100%        7
 Summon Hydra             Summ           0%         N/A       100%        7
 Borgnjor's Revivificati  Necr           0%         N/A       100%        8
 Disjunction              Tloc           0%         N/A       100%        8
 Ignition                 Fire           0%         3d3       100%        8
 Lehudib's Crystal Spear  Conj/Erth      0%         10d2      100%        8
 Maxwell's Capacitive Co  Air            0%         ∞         100%        8
 Necromutation            Tmut/Necr      0%         N/A       100%        8
 Summon Horrible Things   Summ           0%         N/A       100%        8
 Chain Lightning          Conj/Air       0%         N/A       100%        9
 Fire Storm               Conj/Fire      0%         5d1       100%        9
 Polar Vortex             Ice            0%         N/A       100%        9
 Shatter                  Erth           0%         3d5*      100%        9
 Blink                    Tloc           Unusable   N/A       N/A         2

Dungeon Overview and Level Annotations

Branches:
Dungeon (15/15)            Temple (1/1) D:5            Lair (5/5) D:11
 Shoals (4/4) Lair:2        Snake (4/4) Lair:2        Slime (5/5) Lair:4
    Orc (2/2) D:12            Elf (3/3) Orc:2        Vaults (5/5) D:14
  Crypt (3/3) Vaults:2       Tomb (1/3) Crypt:3      Depths (4/4) D:15
   Hell (visited)             Dis (0/7) Hell            Geh (7/7) Hell
    Coc (0/7) Hell            Tar (0/7) Hell            Zot (0/5) Depths:4
 Bailey (visited)          WizLab (visited)

Altars:
Ashenzari
Cheibriados
Dithmenos
Elyvilon
Fedhas
Gozag
Hepliaklqana
Makhleb
Nemelex Xobeh
Okawaru
Qazlal
Ru
Sif Muna
Trog
Uskayaw
Vehumet
Wu Jian
Xom
Yredelemnul
Zin
The Shining One
Lugonu

Shops:
D:6 (:[*?   D:9 (   D:11 *   D:14 *   Orc:2 [??[   Elf:1 [   Snake:1 [
Vaults:1 !   Vaults:2 =(   Depths:1 *   Depths:2 [:!   Depths:3 *[?!

Portals:
Hell: Depths:1 Depths:2 Depths:3 Depths:4
Abyss: Depths:1 Depths:2 Depths:3
Pandemonium: Depths:2 Depths:4

Annotations:
Temple 2 transporters
Geh:7 Asmodeus


Innate Abilities, Weirdness & Mutations

You cannot be hasted, slowed, berserked, paralysed or teleported.
You can dig through walls and to a lower floor.
You have a pair of large antennae on your head. (SInv)
Your four strong arms can wield two-handed weapons with a shield.
You have hoof-like feet.
You are agile. (Dex +4, Str/Int -1)
You possess an exceptional clarity of mind.
Your body sometimes deteriorates upon taking damage.
You are dopey. (Int -2)
Your magical capacity is low. (-10% MP)
You are robust. (+10% HP)


Message History

Asmodeus is lightly wounded.
You are engulfed in blazing flames.
You resist.
Asmodeus gestures.
The Brimstone Fiend calls on the powers of darkness!
Your body is wracked with pain!
* * * LOW HITPOINT WARNING * * *
Your body deteriorates!
You feel clumsy.
You slash Asmodeus!
Asmodeus is lightly wounded.
You are engulfed in blazing flames.
You resist. You block Asmodeus's attack.
You hit Asmodeus.
Asmodeus is poisoned.
Asmodeus is lightly wounded.
The hellion closely misses your blizzard demon.
You open Asmodeus like a pillowcase!!!
Asmodeus is lightly wounded.
Asmodeus completely misses you.
Your blizzard demon is engulfed in blazing flames.
Your blizzard demon hits Asmodeus. x2
You slash Asmodeus!
Asmodeus is moderately wounded.
You are engulfed in blazing flames.
You resist.
* * * LOW HITPOINT WARNING * * *
The hellion hits your blizzard demon! Asmodeus hits you but does no damage.
Your blizzard demon is engulfed in blazing flames.
Your blizzard demon gestures at Asmodeus.
The bolt of lightning hits Asmodeus!
Asmodeus resists.
The bolt of lightning hits the Brimstone Fiend!!
You slice Asmodeus!!
Asmodeus is moderately wounded.
You are engulfed in blazing flames.
You resist. The hellion gestures at you.
The sphere of damnation explodes!
The damnation engulfs you!!
* * * LOW HITPOINT WARNING * * *
The damnation engulfs your blizzard demon!!
The damnation engulfs Asmodeus.
Asmodeus completely resists.
The balrug gestures at you. Something smites you!
* * * LOW HITPOINT WARNING * * *
Asmodeus hits you with the +7 sceptre of Asmodeus!!
You die...

########################
########################
##≈§≈≈≈§≈≈≈≈≈≈§≈≈≈≈≈≈≈§≈
##≈≈≈≈≈≈≈≈≈≈≈≈≈≈........
##≈≈§...................
##≈≈...@22......^≈≈.)≈.≈
##≈§..##&########≈≈≈≈≈≈≈
##≈≈. #{12# #§≈≈≈≈≈§
##§§ .'{$..$ #≈≈≈§≈≈≈
##≈≈..#...#$^. #§§≈≈≈≈#
##§§..##.##.$$$##≈§≈≈§§#
##§≈. $$$ #.###≈≈≈≈≈≈§
#≈≈ $.. $.# #≈≈ $.. )#


You could see Asmodeus (clouds, very poisoned), a Brimstone Fiend, a balrug
(summoned), a hellion (summoned, ally target) and a friendly blizzard demon
(summoned).

Vanquished Creatures
  the Royal Jelly (Slime:5)
  Dissolution (Slime:3)
  A dread lich (D:15)
  A pandemonium lord (Zig:11)
  2 royal mummies (Tomb:1)
  Sojobo (Crypt:1)
  The ghost of Nyubb the Impregnable, a veteran MiGl of Hepliaklqana (Crypt:1)
  Margery (Vaults:4)
  Saint Roka (Snake:2)
  Geryon (Hell)
  Nikola (Snake:1)
  3 golden dragons
  Jory (Vaults:3)
  the Enchantress (Depths:2)
  A pearl dragon (Zig:10)
  4 bone dragons
  12 Brimstone Fiends
  16 hellephants
  A tainted leviathan (Hell)
  Zenata (Vaults:2)
  6 tentacled monstrosities
  An Ice Fiend (Zig:11)
  A walking crystal tome (Depths:3)
  18 liches
  4 deep elf blademasters
  The ghost of bananaglory the Bludgeoner, an adept PaFi of Zin (Elf:3)
  5 titans (Vaults:5)
  A quicksilver dragon (Depths:2)
  19 searing wretches
  12 sphinxes
  3 deep elf master archers (Zig:13)
  6 ancient champions
  Murray (Hell)
  19 acid blobs
  6 Executioners
  Polyphemus (Shoals:1)
  3 krakens
  6 tentacled starspawn
  Donald (Shoals:3)
  7 shadow dragons
  A fenstrider witch (shapeshifter) (Zig:7)
  6 storm dragons
  5 tengu reavers
  14 azure jellies
  13 nagarajas
  3 revenants
  A fenstrider witch (Zig:14)
  12 rockslimes
  2 draconian knights
  20 fire giants
  2 daevas (Zig:10)
  2 emperor scorpions (Zig:9)
  11 frost giants
  2 orc warlords
  3 curse skulls (Crypt:3)
  24 balrugs
  Aizul (Snake:1)
  4 iron dragons
  A frost giant (shapeshifter) (Zig:7)
  A caustic shrike zombie (Crypt:3)
  6 deep elf sorcerers
  A cacodemon (Zig:11)
  7 draconian scorchers
  3 angels
  13 vault wardens
  5 draconian shifters
  5 spriggan defenders
  A deep elf elementalist (Elf:3)
  A draconian annihilator (Zig:6)
  A draconian stormcaller (Depths:4)
  3 reapers
  8 quicksilver oozes
  35 very ugly things
  A demonspawn corrupter (Zig:11)
  9 stone giants
  A demonspawn blood saint (Zig:11)
  5 war gargoyles
  3 starflowers (Abyss:4)
  9 ghouls
  14 ironbound preservers
  5 ironbound thunderhulks
  3 ophanim (Zig:10)
  9 deep elf annihilators
  12 vampire knights
  A wendigo (Hell)
  15 deep elf demonologists
  A green draconian (Zig:12)
  3 entropy weavers
  2 eleionomae (Zig:14)
  2 putrid mouths (Hell)
  A juggernaut skeleton (Depths:2)
  A yellow draconian (Depths:4)
  2 apis (Zig:10)
  A black draconian (Depths:4)
  6 red draconians
  6 spark wasps
  12 dire elephants
  A bunyip (Zig:14)
  2 white draconians (Zig:12)
  2 lorocyprocas
  Azrael (Snake:1)
  2 blizzard demons
  17 deep elf death magi
  5 eidola
  7 merfolk javelineers
  3 purple draconians
  6 fire dragons
  10 ettins
  5 green deaths
  11 mummy priests
  Josephine (D:12)
  7 jiangshi
  8 yaktaur captains
  The ghost of Uwkeq the Cleaver, a journeyman MiFi (D:12)
  6 merfolk impalers
  7 rakshasas
  20 salamander tyrants
  12 great orbs of eyes
  9 hydras
  The ghost of gargbit the Dancer, a journeyman DsGl of Uskayaw (D:11)
  4 boulder beetles
  47 vault guards
  7 ice dragons
  A ghost crab (Zig:14)
  5 deep elf high priests
  A quicksilver dragon skeleton (Depths:2)
  2 peacekeepers
  A caustic shrike simulacrum (Hell)
  4 ogre magi
  8 spriggan air magi
  An alligator snapping turtle (Shoals:4)
  A catoblepas (Shoals:1)
  4 anacondas
  8 centaur warriors
  6 ironbound frosthearts
  4 spriggan skeletons
  A fenstrider witch skeleton (Tomb:1)
  21 two-headed ogres
  An alligator (Zig:14)
  A merfolk avatar (Shoals:2)
  6 stokers
  6 satyrs
  A death scarab (Zig:4)
  15 naga warriors
  2 deep troll shamans (Depths:2)
  A death knight (Crypt:1)
  7 vampire magi
  5 merfolk aquamancers
  2 deep troll earth magi
  A death yak (shapeshifter) (Zig:7)
  7 death yaks
  8 tengu warriors
  25 dancing weapons
  46 hell hogs
  6 orc high priests
  13 soul eaters
  5 shock serpents
  22 deep elf knights
  2 storm dragon zombies (Depths:1)
  15 naga sharpshooters
  16 hell knights
  A titan skeleton (Depths:2)
  10 thrashing horrors
  8 wretched stars
  7 spriggan berserkers
  16 sun demons
  3 shadow wraiths
  3 iron trolls
  37 skeletal warriors
  A sun moth (Zig:9)
  A bunyip zombie (Tomb:1)
  A fire crab (shapeshifter) (Elf:1)
  A steelbarb worm (Zig:9)
  2 quicksilver dragon simulacra
  4 salamander mystics
  A pharaoh ant (Zig:9)
  5 shadow demons
  3 death drakes (Zig:14)
  2 spatial maelstroms
  28 deep trolls
  16 deep elf archers
  2 spriggan druids (Zig:14)
  6 glowing orange brains
  An orb spider (Zig:9)
  7 flayed ghosts
  2 naga ritualists
  5 cherubim (Zig:10)
  3 bog bodies (Crypt:3)
  24 harpies
  10 sea snakes
  5 swamp dragons (Zig:14)
  16 ironbound convokers
  51 starcursed masses
  8 lindwurms
  An anaconda skeleton (Tomb:1)
  6 orc knights
  4 wizards
  30 deep elf pyromancers
  13 phantasmal warriors
  23 deep elf zephyrmancers
  3 shining eyes
  10 necromancers
  3 wolf spiders
  5 orc sorcerers
  A shining eye (shapeshifter) (Depths:2)
  42 ugly things
  A stone giant zombie (Depths:1)
  5 worldbinders (Abyss:4)
  A frost giant zombie (Depths:1)
  18 fauns
  3 will-o-the-wisps
  2 mana vipers (Snake:4)
  18 salamanders
  103 slime creatures
  15 elephants
  6 cyclopes
  8 rust devils (Hell)
  8 merfolk sirens
  12 manticores
  11 vault sentinels
  2 elephants (shapeshifter)
  An eleionoma skeleton (Crypt:3)
  2 frost giant skeletons (Depths:1)
  3 fire giant skeletons
  A dire elephant zombie (Crypt:3)
  6 eyes of devastation
  19 naga magi
  5 water nymphs
  25 black mambas
  3 apocalypse crabs
  12 molten gargoyles (Geh:7)
  A titan simulacrum (Hell)
  A centaur skeleton (Tomb:1)
  9 cane toads
  11 guardian serpents
  9 torpor snails
  A steelbarb worm zombie (Crypt:2)
  A gargoyle (D:14)
  A green draconian zombie (Crypt:3)
  4 demonic crawlers
  8 tormentors
  4 hellions
  A rime drake (Lair:3)
  6 smoke demons
  4 freezing wraiths
  An efreet (D:15)
  A purple draconian zombie (Crypt:2)
  10 komodo dragons
  A yaktaur zombie (Vaults:2)
  A hellwing (Zig:11)
  17 guardian mummies
  2 spriggan zombies
  27 yaktaurs
  A tengu conjurer (Depths:2)
  A golden dragon simulacrum (Depths:2)
  A red draconian skeleton (Crypt:1)
  2 ice devils (WizLab)
  2 pale draconian skeletons
  29 merfolk
  2 human skeletons
  6 meliai
  4 tyrant leeches (Lair:5)
  A mana viper skeleton (Crypt:2)
  A tarantella (shapeshifter) (Abyss:4)
  An iron troll skeleton (Crypt:1)
  6 ancient zymes
  5 trolls
  5 tarantellas
  3 red devils
  Prince Ribbit (D:6)
  2 meliai (shapeshifter)
  6 wind drakes
  A guardian serpent zombie (Crypt:2)
  11 polar bears (Lair:5)
  A great orb of eyes zombie (Crypt:1)
  15 hornets
  A queen bee (Lair:2)
  30 blink frogs
  A raiju (shapeshifter) (Vaults:5)
  9 raiju
  33 dream sheep
  An ettin zombie (Crypt:1)
  12 large abominations
  8 snapping turtles
  13 flying skulls
  A fire dragon skeleton (Crypt:1)
  Sigmund (D:2)
  3 vampires
  5 air elementals
  8 wraiths
  A shadow (Abyss:3)
  2 naga simulacra
  9 spriggans
  A wyvern (Lair:2)
  An ettin skeleton (Vaults:2)
  22 water elementals
  6 ynoxinuls
  A wind drake zombie (Crypt:3)
  79 yaks
  A hog (shapeshifter) (D:15)
  3 steam dragons
  A fire bat (shapeshifter) (Vaults:5)
  6 golden eyes
  A catoblepas simulacrum (Hell)
  6 vampire mosquitoes
  9 fire elementals
  A redback (Zig:9)
  3 human zombies
  6 basilisks
  A yaktaur simulacrum (Vaults:2)
  9 chaos spawn
  4 spatial vortices (Abyss:4)
  3 neqoxecs
  A deep troll zombie (Crypt:3)
  2 harpy simulacra (Hell)
  13 wargs
  An acid dragon (D:11)
  15 water moccasins
  20 hell hounds
  50 nagas
  2 naga skeletons
  Edmund (D:5)
  Duvessa (D:6)
  2 ice beasts (D:8)
  15 black bears
  43 orc warriors
  A cane toad skeleton (Crypt:1)
  A demonspawn skeleton (Crypt:1)
  2 ettin simulacra
  A sky beast (D:8)
  9 small abominations
  11 centaurs
  29 wolves
  An elephant skeleton (Crypt:3)
  13 ogres
  A blink frog zombie (Crypt:2)
  2 kobold brigands
  A vine stalker zombie (Crypt:2)
  8 bullfrogs
  3 earth elementals
  4 necrophages
  3 gnoll sergeants
  A glowing shapeshifter simulacrum (Depths:1)
  Dowan (D:6)
  7 wights
  37 killer bees
  A troll zombie (Crypt:1)
  A water moccasin skeleton (Crypt:1)
  2 howler monkeys (D:11)
  An iron imp (Abyss:3)
  2 jellies (D:5)
  27 orc priests
  2 quasits (Abyss:3)
  A black bear zombie (Crypt:2)
  A gnoll bouda (D:6)
  6 hounds
  6 iguanas
  25 orc wizards
  A hell rat (Lair:2)
  A sky beast zombie (Crypt:2)
  A hound skeleton (Crypt:2)
  15 mummies
  21 gnolls
  6 adders
  2 shadow imps (D:6)
  2 white imps
  An ufetubus (D:4)
  A lava snake zombie (Crypt:2)
  3 worms
  3 dart slugs
  81 orcs
  13 endoplasms
  2 giant cockroaches (D:4)
  19 goblins
  15 hobgoblins
  11 jackals
  4 quokkas
  9 ball pythons
  A ball python skeleton (Crypt:2)
  5 bats
  2 frilled lizards (D:1)
  A gnoll skeleton (Crypt:1)
  9 kobolds
  5 rats
  4 creeping infernos
  34 fire vortices
  7 starspawn tentacles (Abyss:4)
  2 tentacles
2906 creatures vanquished.

Vanquished Creatures (collateral kills)
  A bone dragon (Depths:4)
  Frances (Snake:1)
  A fire giant (Depths:1)
  An orc warlord (Orc:1)
  A great orb of eyes (Slime:3)
  A two-headed ogre (D:10)
  2 deep troll shamans (Depths:1)
  2 hell knights (Vaults:4)
  3 deep trolls (Depths:1)
  A wizard (Depths:1)
  A tengu conjurer (Depths:1)
  A merfolk (Shoals:3)
  A dream sheep (Lair:2)
  A wraith (D:11)
  2 water elementals (Shoals:3)
  A wolf (Lair:2)
  3 killer bees (D:10)
  An orc priest (Snake:2)
  A gnoll (D:11)
26 creatures vanquished.

Vanquished Creatures (others)
  Asterion (Vaults:3)
  A draconian knight (Zig:12)
  A fire giant (Geh:2)
  A lorocyproca (Hell)
  A merfolk aquamancer (Shoals:4)
  An alligator (Zig:14)
  4 deep elf knights
  A goliath frog (Zig:14)
  A deep elf archer (Elf:1)
  A deep elf zephyrmancer (Elf:3)
  2 deep elf pyromancers
  A naga (Snake:1)
  An orc warrior (Vaults:5)
  3 orc wizards
  A kobold (D:6)
  A bush (Lair:5)
  3 creeping infernos
  2 demonic plants (Abyss:4)
  8 foxfires
  32 fungi
  127 plants
  7 starspawn tentacles
  19 tentacles
220 creatures vanquished.

Grand Total: 3152 creatures vanquished

Notes
Turn   | Place    | Note
-------+----------+-------------------------------------------
     0 | D:1      | suse60 the Formicid Fighter began the quest for the Orb.
     0 | D:1      | Reached XP level 1. HP: 18/18 MP: 1/1
   331 | D:1      | Reached XP level 2. HP: 23/24 MP: 2/2
   573 | D:1      | Found a faded altar of an unknown god.
   875 | D:1      | Reached XP level 3. HP: 30/30 MP: 3/3
  1294 | D:2      | Noticed Sigmund
  1354 | D:2      | Reached XP level 4. HP: 34/37 MP: 4/4
  1537 | D:2      | Killed Sigmund
  1538 | D:2      | Reached skill level 5 in Fighting
  1538 | D:2      | Reached XP level 5. HP: 33/44 MP: 5/5
  1538 | D:2      | Reached XP level 6. HP: 38/51 MP: 6/6
  2457 | D:3      | Found an opulent altar of Gozag.
  2457 | D:3      | Found a glowing silver altar of Zin.
  2585 | D:3      | Identified a scroll of acquirement
  2585 | D:3      | Acquired the +0 pair of fencer's gloves {Riposte Dex+3}
  2585 | D:3      | Found the +0 pair of fencer's gloves {Riposte Dex+3}
  3426 | D:4      | Noticed a black bear
  3439 | D:4      | Killed a black bear
  3440 | D:4      | Reached skill level 5 in Axes
  3440 | D:4      | Reached XP level 7. HP: 37/58 MP: 7/7
  3929 | D:5      | Entered Level 5 of the Dungeon
  3958 | D:5      | Found a white marble altar of Elyvilon.
  4188 | D:5      | Noticed Edmund
  4205 | D:5      | Killed Edmund
  4434 | D:5      | Identified the +1 long sword of Sharp Defence {vorpal,
                  | *Rage rPois rC++ SInv}
  4531 | D:5      | Found a staircase to the Ecumenical Temple.
  4540 | Temple   | Entered the Ecumenical Temple
  4540 | Temple   | Found a transporter.
  4540 | Temple   | Found a transporter.
  4542 | Temple   | Found a transporter.
  4542 | Temple   | Found a transporter.
  4553 | Temple   | Became a worshipper of Makhleb the Destroyer
  4583 | D:5      | Reached XP level 8. HP: 60/67 MP: 8/8
  5028 | D:5      | Reached skill level 1 in Invocations
  5214 | D:6      | Found Abokez Hiwa's Assorted Antiques.
  5243 | D:6      | Reached * piety under Makhleb
  5249 | D:6      | Noticed Dowan
  5261 | D:6      | Noticed Duvessa
  5265 | D:6      | Killed Dowan
  5270 | D:6      | Reached XP level 9. HP: 53/75 MP: 11/11
  5305 | D:6      | Killed Duvessa
  5393 | D:6      | Bought a potion of curing for 78 gold pieces
  5416 | D:6      | Found Zyho's Magic Scroll Boutique.
  5427 | D:6      | Bought a scroll of identify for 20 gold pieces
  5427 | D:6      | Bought a scroll of identify for 20 gold pieces
  5427 | D:6      | Bought a scroll of identify for 20 gold pieces
  5427 | D:6      | Bought a scroll of enchant weapon for 75 gold pieces
  5467 | D:6      | Found Weicw's Armour Shop.
  5507 | D:6      | Reached skill level 5 in Invocations
  5931 | D:6      | Found Meull's Weapon Shoppe.
  6042 | D:6      | Found Neater's Book Boutique.
  6164 | D:7      | Noticed Prince Ribbit
  6190 | D:6      | Killed Prince Ribbit
  6214 | D:7      | Reached ** piety under Makhleb
  6215 | D:7      | Reached skill level 10 in Fighting
  6236 | D:7      | Found a flagged portal.
  6252 | Bailey   | Entered a bailey
  6520 | Bailey   | Reached XP level 10. HP: 37/86 MP: 15/15
  6531 | Bailey   | HP: 3/86 [orc warrior/+0 war axe (2)]
  6772 | Bailey   | Noticed an orc knight
  6844 | D:7      | Reached *** piety under Makhleb
  7410 | D:7      | Found a runed translucent door.
  7969 | D:8      | Gained mutation: You passively map a small area around you.
                  | [potion of mutation]
  7969 | D:8      | Gained mutation: You are frail. (-10% HP) [potion of
                  | mutation]
  7969 | D:8      | Gained mutation: You are very frail. (-20% HP) [potion of
                  | mutation]
  7969 | D:8      | Gained mutation: You expend magic power (3 MP) to
                  | strengthen your wands. [potion of mutation]
  7970 | D:8      | Lost mutation: You expend magic power (3 MP) to strengthen
                  | your wands. [potion of mutation]
  7970 | D:8      | Lost mutation: You passively map a small area around you.
                  | [potion of mutation]
  7970 | D:8      | Gained mutation: You are partially covered in large bone
                  | plates. (SH +4) [potion of mutation]
  7970 | D:8      | Gained mutation: You have an increased reservoir of magic.
                  | (+10% MP) [potion of mutation]
  8018 | D:8      | Found a bloodstained altar of Trog.
  8381 | D:8      | Found a stormy altar of Qazlal.
  9156 | D:9      | Reached **** piety under Makhleb
  9188 | D:9      | Reached XP level 11. HP: 61/76 MP: 20/20
  9254 | D:9      | Found a sparkling altar of Nemelex Xobeh.
  9330 | D:9      | Found Kucsaatu's Antique Weapon Boutique.
  9614 | D:9      | Reached ***** piety under Makhleb
  9697 | D:9      | Reached skill level 10 in Invocations
  9811 | D:9      | Identified the +5 dagger of Ticynam {speed, *Rage rF+ Will+
                  | Int+3}
  9817 | D:9      | Found a blossoming altar of Fedhas.
 10153 | D:6      | Bought a scroll of poison for 40 gold pieces
 10175 | D:6      | Bought a potion of might for 104 gold pieces
 11186 | D:10     | Entered Level 10 of the Dungeon
 11419 | D:10     | Noticed a two-headed ogre
 11431 | D:10     | Killed a two-headed ogre
 11432 | D:10     | Reached skill level 10 in Axes
 11504 | D:10     | Noticed a two-headed ogre
 11512 | D:10     | Killed a two-headed ogre
 11577 | D:10     | Reached XP level 12. HP: 84/84 MP: 22/22
 11864 | D:9      | Bought a runed executioner's axe for 299 gold pieces
 11960 | D:11     | Noticed a boulder beetle
 12157 | D:11     | Killed a boulder beetle
 12443 | D:11     | Found a runed translucent gate.
 12444 | D:11     | Found a runed translucent gate.
 12445 | D:11     | Found a runed translucent gate.
 12446 | D:11     | Noticed gargbit's ghost (journeyman DsGl)
 12446 | D:11     | Found the +13 scythe of Curses {drain, Drain}
 12447 | D:11     | Noticed a skeletal warrior
 12472 | D:11     | Killed a skeletal warrior
 12750 | D:11     | Found Zufad's Elemental Accessories.
 12887 | D:11     | Noticed a skeletal warrior
 12907 | D:11     | Killed a skeletal warrior
 12978 | D:11     | Noticed a skeletal warrior
 12999 | D:11     | Killed a skeletal warrior
 13116 | D:11     | Noticed a skeletal warrior
 13129 | D:11     | Killed a skeletal warrior
 13130 | D:11     | Reached skill level 5 in Armour
 13141 | D:11     | Noticed a skeletal warrior
 13163 | D:11     | Killed a skeletal warrior
 13253 | D:11     | Noticed a centaur warrior
 13269 | D:11     | Killed a centaur warrior
 13398 | D:11     | Found a staircase to the Lair.
 13636 | Lair:1   | Entered Level 1 of the Lair of Beasts
 13636 | Lair:1   | Noticed a four-headed hydra
 13647 | Lair:1   | Killed a four-headed hydra
 13667 | Lair:1   | Reached XP level 13. HP: 84/88 MP: 24/24
 14120 | Lair:1   | Reached ****** piety under Makhleb
 14516 | Lair:1   | Acquired 904 gold pieces
 14974 | D:6      | Bought the +8 plate armour of Qeafyfikle {rC+} for 924 gold
                  | pieces
 15661 | Lair:2   | Reached skill level 15 in Axes
 15924 | Lair:2   | Reached XP level 14. HP: 70/94 MP: 26/26
 16242 | Lair:2   | Found a staircase to the Shoals.
 16269 | Lair:2   | Found a staircase to the Snake Pit.
 17349 | Lair:4   | Found a staircase to the Slime Pits.
 18235 | Lair:5   | Entered Level 5 of the Lair of Beasts
 18495 | Lair:5   | Reached XP level 15. HP: 97/101 MP: 27/27
 18498 | Lair:5   | Reached skill level 15 in Fighting
 18614 | Lair:5   | Reached skill level 10 in Armour
 18978 | Lair:5   | Found a runed translucent door.
 19070 | Lair:5   | Reached skill level 5 in Shields
 19537 | Lair:5   | Reached skill level 1 in Dodging
 19636 | Lair:5   | Identified the +1 pair of boots "Tewoc" {rF++}
 20162 | D:11     | Killed gargbit's ghost
 20234 | D:12     | Found a staircase to the Orcish Mines.
 20341 | D:12     | Found a transporter.
 20344 | D:12     | Found a transporter.
 20344 | D:12     | Noticed Uwkeq's ghost (journeyman MiFi)
 20351 | D:12     | Identified the +4 great mace of Doom {elec, Fly rF+ Int+4
                  | Stlth+}
 20351 | D:12     | Identified the +8 giant club "Goumugez" {flame, *Noise rN+
                  | Dex+2}
 20653 | D:12     | Noticed Josephine
 20676 | D:12     | Killed Josephine
 21091 | D:12     | Reached XP level 16. HP: 107/109 MP: 28/28
 21432 | D:12     | Killed Uwkeq's ghost
 21492 | Orc:1    | Entered Level 1 of the Orcish Mines
 21597 | Orc:2    | Entered Level 2 of the Orcish Mines
 21881 | Orc:1    | Reached skill level 5 in Dodging
 22696 | Orc:2    | Found a staircase to the Elven Halls.
 23342 | Orc:2    | Found Otaaw's Magic Scroll Shoppe.
 23342 | Orc:2    | Found Vaurunut's Antique Armour Shoppe.
 23342 | Orc:2    | Found Wamofon's Magic Scroll Emporium.
 23345 | Orc:2    | Found Tusa's Armour Emporium.
 23368 | Orc:2    | Bought a scroll of enchant weapon for 75 gold pieces
 23368 | Orc:2    | Bought a scroll of poison for 40 gold pieces
 23370 | Orc:2    | Bought a scroll of magic mapping for 90 gold pieces
 24809 | D:14     | Found a blossoming altar of Fedhas.
 24891 | D:14     | Found Tankecw's General Store.
 24899 | D:14     | Bought a scroll of fear for 56 gold pieces
 24899 | D:14     | Bought a scroll of enchant weapon for 105 gold pieces
 25074 | D:14     | Found a gate to the Vaults.
 25619 | D:15     | Entered Level 15 of the Dungeon
 25644 | D:15     | Reached XP level 17. HP: 119/119 MP: 30/30
 25820 | D:15     | Lost mutation: You are very frail. (-20% HP) [potion of
                  | mutation]
 25820 | D:15     | Lost mutation: You have an increased reservoir of magic.
                  | (+10% MP) [potion of mutation]
 25820 | D:15     | Lost mutation: You are frail. (-10% HP) [potion of
                  | mutation]
 25820 | D:15     | Gained mutation: Your magical capacity is low. (-10% MP)
                  | [potion of mutation]
 25820 | D:15     | Gained mutation: You do not regenerate when monsters are
                  | visible. [potion of mutation]
 25820 | D:15     | Gained mutation: Your muscles are strong. (Str +4, Int/Dex
                  | -1) [potion of mutation]
 25891 | D:15     | Found a staircase to the Depths.
 25971 | D:15     | Reached skill level 15 in Invocations
 26379 | Depths:1 | Entered Level 1 of the Depths
 26379 | Depths:1 | Found a corrupted altar of Lugonu.
 26385 | Depths:1 | Noticed a shadow dragon
 26450 | Depths:1 | Killed a shadow dragon
 26536 | Depths:1 | Noticed a dread lich
 26598 | Depths:1 | Noticed an Executioner
 26604 | D:15     | Killed a dread lich
 26763 | D:15     | Reached skill level 10 in Dodging
 27118 | Snake:1  | Entered Level 1 of the Snake Pit
 27264 | Snake:1  | Found Heesetash's Antique Armour Shop.
 27332 | Snake:1  | Noticed Azrael
 27342 | Snake:1  | Reached XP level 18. HP: 142/162 MP: 26/26
 27360 | Snake:1  | Killed Azrael
 27846 | Snake:1  | Noticed Nikola
 27870 | Snake:1  | Killed Nikola
 27907 | Snake:1  | Got the Quarto of Allies and Dark Rites
 28078 | Snake:1  | Noticed Aizul
 28095 | Snake:1  | Killed Aizul
 28278 | Snake:1  | Noticed Frances
 28285 | Snake:1  | Killed Frances
 28719 | Snake:2  | Noticed Saint Roka
 29038 | Snake:2  | Found the amulet of Vitality {RegenMP++ Regen++}
 29608 | Snake:2  | Killed Saint Roka
 29645 | Abyss:1  | Cast into level 1 of the Abyss (salamander)
 29657 | Abyss:2  | Found a hazy altar of Hepliaklqana.
 29696 | Abyss:2  | Found a corrupted altar of Lugonu.
 29798 | Abyss:2  | Noticed a lich
 29806 | Abyss:2  | Killed a lich
 29847 | Abyss:3  | Noticed a lich
 29853 | Abyss:3  | Killed a lich
 29862 | Snake:2  | Escaped the Abyss
 30365 | D:14     | Bought the ring of the Hare {EV+8} for 1792 gold pieces
 30365 | D:14     | Found the ring of the Hare {EV+8}
 31259 | Snake:4  | Entered Level 4 of the Snake Pit
 31992 | Snake:4  | Reached XP level 19. HP: 106/169 MP: 27/27
 32789 | Snake:4  | Got a serpentine rune of Zot
 33864 | Shoals:1 | Entered Level 1 of the Shoals
 33949 | Shoals:1 | Reached skill level 1 in Polearms
 34150 | Shoals:1 | Identified the +2 chain mail "Ifrad" {Int+4}
 34817 | Shoals:2 | Noticed Polyphemus
 34855 | Shoals:1 | Killed Polyphemus
 34860 | Shoals:1 | Reached XP level 20. HP: 163/178 MP: 28/28
 35119 | Shoals:2 | Reached skill level 5 in Polearms
 35641 | Shoals:2 | Upgraded the game from 0.29.1-13-g9f3cf754e1 to
                  | 0.29.1-14-g9c671dbff4
 35693 | Shoals:3 | Noticed Donald
 35708 | Shoals:3 | Killed Donald
 35854 | Shoals:3 | Identified the +9 long sword "Vomiq" {drain, rF+}
 35910 | Shoals:3 | Identified the +0 hand axe of Cobwebs {vorpal, rC+ Str+3}
 36710 | Shoals:4 | Entered Level 4 of the Shoals
 37464 | Shoals:4 | Reached skill level 1 in Throwing
 37720 | Shoals:4 | Got a barnacled rune of Zot
 37841 | Shoals:4 | Identified the +12 gold dragon scales of Yfyqiekk {Rampage
                  | rPois rF+ rC+ rN+ Will+ Int+2 Stlth+}
 38025 | Shoals:4 | Acquired a manual of Dodging
 38911 | Depths:1 | Found a one-way gate to the infinite horrors of the Abyss.
 38913 | Depths:1 | Reached XP level 21. HP: 184/185 MP: 29/29
 38947 | Depths:1 | Got the Essays on the Mausoleum
 38978 | Depths:1 | Found a burning altar of Makhleb.
 39041 | Depths:1 | Noticed a caustic shrike
 39459 | Depths:1 | Found Taec's CLEARANCE SALE!.
 39468 | Depths:1 | Bought a potion of curing for 15 gold pieces
 39529 | Depths:1 | Found a gateway to Hell.
 39892 | Depths:2 | Reached skill level 5 in Throwing
 39969 | Depths:2 | Identified the +4 chain mail of the New World {rN+}
 39975 | Depths:2 | Noticed a golden dragon
 39985 | Depths:2 | Killed a golden dragon
 40092 | Depths:2 | Found Tethraf's Antique Armour Shop.
 40096 | Depths:2 | Found Dipheg's Book Boutique.
 40097 | Depths:2 | Found Mikurgh's Distillery.
 40100 | Depths:2 | Bought a fading kite shield for 446 gold pieces
 40100 | Depths:2 | Identified the +7 kite shield of Gallantry {Harm rF+ rN+
                  | Int-4 Slay+2} (You bought it in a shop on level 2 of the
                  | Depths)
 40114 | Depths:2 | Bought a potion of heal wounds for 80 gold pieces
 40114 | Depths:2 | Bought a potion of heal wounds for 80 gold pieces
 40114 | Depths:2 | Bought a potion of curing for 48 gold pieces
 40114 | Depths:2 | Bought a potion of heal wounds for 80 gold pieces
 40114 | Depths:2 | Bought a potion of might for 64 gold pieces
 40138 | Depths:2 | Reached skill level 1 in Evocations
 40335 | Depths:2 | Noticed the Enchantress
 40353 | Depths:2 | Killed the Enchantress
 40491 | Depths:2 | Found a one-way gate leading to the halls of Pandemonium.
 40637 | Depths:2 | Reached XP level 22. HP: 198/198 MP: 30/30
 41524 | Depths:3 | Found Kacwe's Antique Armour Boutique.
 41525 | Depths:3 | Found Tega's Distillery.
 41525 | Depths:3 | Found Zulill's General Store.
 41528 | Depths:3 | Found Raopigou's Magic Scroll Shop.
 41536 | Depths:3 | Bought a scroll of enchant weapon for 105 gold pieces
 41713 | Depths:3 | Found a portal to a secret trove of treasure.
 41887 | Depths:3 | Found a burning altar of Makhleb.
 41910 | Depths:3 | Reached skill level 5 in Evocations
 41949 | Depths:3 | Found the +3 warlock's mirror {reflect}
 41956 | Depths:3 | Identified the ring "Ynub" {Wiz rF++ Str-4 Int+8 Dex-2}
 41960 | Depths:3 | Identified the +5 mace of Wadas {flame, Contam rElec rPois
                  | rCorr}
 42403 | Depths:3 | Upgraded the game from 0.29.1-14-g9c671dbff4 to
                  | 0.29.1-15-g9cfb28693d
 42439 | Depths:3 | Bought a potion of curing for 48 gold pieces
 42439 | Depths:3 | Bought a potion of curing for 48 gold pieces
 42553 | Depths:4 | Entered Level 4 of the Depths
 43079 | Depths:4 | Found a one-way gateway to a ziggurat.
 43160 | Depths:4 | Found a gate to the Realm of Zot.
 43160 | Depths:4 | Noticed a bone dragon
 43160 | Depths:4 | Noticed a bone dragon
 43178 | Depths:4 | Killed a bone dragon
 43182 | Depths:4 | Killed a bone dragon
 43212 | Depths:4 | Reached XP level 23. HP: 166/207 MP: 31/31
 44033 | Elf:1    | Entered Level 1 of the Elven Halls
 44050 | Elf:1    | Found Evuf's Armour Shoppe.
 44504 | Elf:1    | Identified the +7 long sword "Sor Lies" {vamp, rElec Will+
                  | SInv}
 44554 | Elf:1    | Reached skill level 15 in Dodging
 44952 | Elf:2    | Found a shimmering blue altar of Sif Muna.
 45187 | Elf:2    | Found a huge runed translucent gate.
 45187 | Elf:2    | Found a huge runed translucent gate.
 45188 | Elf:2    | Found a huge runed translucent gate.
 45188 | Elf:2    | Found a huge runed translucent gate.
 45189 | Elf:2    | Found a huge runed translucent gate.
 45581 | Elf:3    | Entered Level 3 of the Elven Halls
 45647 | Elf:3    | Found a runed translucent door.
 45655 | Elf:3    | Noticed bananaglory's ghost (adept PaFi)
 45665 | Elf:3    | Killed bananaglory's ghost
 46222 | Elf:3    | Reached XP level 24. HP: 214/218 MP: 31/31
 46320 | Elf:3    | Identified the +11 spear of Evil {antimagic, Int+2}
 46408 | Elf:3    | Identified the +4 falchion of Ipanag {vamp, Fly rPois
                  | Str+4}
 46408 | Elf:3    | Identified the +8 trident of Fundamental Breach {freeze,
                  | rPois Will- rCorr Dex-2}
 46489 | Elf:3    | Identified the ring of the Butterfly {rElec rC+ rCorr
                  | Str+6}
 46516 | Elf:3    | Found the -2 hat of the Alchemist {rElec rPois rF+ rC+ rN+
                  | Will+ rMut rCorr}
 46594 | Elf:3    | Got Sif Muna's Almanac of Blazing Concussion
 46602 | Elf:3    | Identified the +0 ring mail of Vapsaozu {-Tele Rampage
                  | rCorr Slay+5}
 47101 | Depths:3 | You paid a toll of 17 potions of curing to enter a treasure
                  | trove
 47102 | Trove    | Entered a treasure trove
 47121 | Trove    | Got the Octavo of Vitiation and Forms
 47123 | Trove    | Identified the +1 pair of gloves of Ettoihu {Str+3 Slay+2}
 47124 | Trove    | Identified the +9 battleaxe "Dashreveff" {venom, Fly rF+
                  | Will++ Dex-2}
 47128 | Trove    | Identified the +6 halberd of Extremism {vamp, rC+ rN+ Dex+4
                  | Stlth+}
 47129 | Trove    | Identified the +2 kite shield "Diton" {Harm +Blink Will+
                  | Str+3}
 47471 | Slime:1  | Entered Level 1 of the Pits of Slime
 48074 | Slime:3  | Noticed Dissolution
 48078 | Slime:3  | Killed Dissolution
 48401 | Slime:2  | Gained mutation: Your body sometimes deteriorates upon
                  | taking damage. [a shining eye]
 48403 | Slime:2  | Lost mutation: You are partially covered in large bone
                  | plates. (SH +4) [potion of mutation]
 48403 | Slime:2  | Lost mutation: You do not regenerate when monsters are
                  | visible. [potion of mutation]
 48403 | Slime:2  | Gained mutation: You have large cloven feet. [potion of
                  | mutation]
 48403 | Slime:2  | Gained mutation: Your muscles are very strong. (Str +8,
                  | Int/Dex -2) [potion of mutation]
 48403 | Slime:2  | Gained mutation: You are agile. (Dex +4, Str/Int -1)
                  | [potion of mutation]
 48403 | Slime:2  | Gained mutation: You passively map a small area around you.
                  | [potion of mutation]
 48546 | Slime:4  | Lost mutation: You are agile. (Dex +4, Str/Int -1) [a
                  | shining eye]
 48858 | Slime:5  | Entered Level 5 of the Pits of Slime
 49432 | Slime:5  | Noticed the Royal Jelly
 49444 | Slime:5  | Killed the Royal Jelly
 49501 | Slime:5  | Identified the +3 dagger of Ynuann {drain, Int+2}
 49504 | Slime:5  | Found the +0 staff of Battle
 49556 | Slime:5  | Got a slimy rune of Zot
 49558 | Slime:5  | Got Terhext's Further Progress in Spellweaving
 49609 | Slime:5  | Identified the +8 quarterstaff "Qeimowad" {speed, Fragile
                  | rC+ rCorr Dex+3}
 49927 | Vaults:1 | Entered Level 1 of the Vaults
 50018 | Vaults:1 | Found Wagatzia's Distillery.
 50028 | Vaults:1 | Bought a potion of might for 56 gold pieces
 50028 | Vaults:1 | Bought a potion of might for 56 gold pieces
 50028 | Vaults:1 | Bought a potion of might for 56 gold pieces
 50028 | Vaults:1 | Bought a potion of heal wounds for 70 gold pieces
 50193 | Vaults:1 | Reached XP level 25. HP: 213/227 MP: 31/31
 50945 | Vaults:2 | Noticed Zenata
 50954 | Vaults:2 | Killed Zenata
 50958 | Vaults:2 | Found a staircase to the Crypt.
 51047 | Vaults:2 | Found Coti's Weapon Emporium.
 51757 | Vaults:2 | Found Uxoatwauh's Jewellery Shop.
 52218 | Vaults:3 | Found a magical portal.
 52223 | WizLab   | Entered Doroklohe's Tomb
 52425 | WizLab   | Acquired the +15 crystal plate armour of Dim Light {Rampage
                  | Str+2}
 52545 | WizLab   | Gained mutation: You are clumsy. (Dex -2) [a neqoxec]
 53261 | Vaults:3 | Noticed Jory
 53268 | Vaults:3 | Killed Jory
 53445 | Vaults:3 | Noticed Asterion
 53450 | Vaults:3 | Killed Asterion
 53710 | Vaults:4 | Noticed Margery
 53718 | Vaults:4 | Killed Margery
 53851 | Vaults:4 | Reached XP level 26. HP: 237/237 MP: 31/31
 54821 | Vaults:5 | Entered Level 5 of the Vaults
 54826 | Vaults:5 | Reached skill level 15 in Armour
 54922 | Vaults:5 | Reached XP level 27. HP: 246/246 MP: 31/31
 55142 | Vaults:5 | Identified the +7 short sword of the Eleven Interlopers
                  | {drain, Dex+5}
 55227 | Vaults:5 | Identified the amulet "Rime" {Faith rF+ Will+ SInv Stlth-}
 55331 | Vaults:5 | Got a silver rune of Zot
 55687 | Vaults:5 | Got Sif Muna's Volume of Envenoming and the Tempest
 56199 | Crypt:1  | Entered Level 1 of the Crypt
 56410 | Crypt:1  | Found a runed translucent gate.
 56431 | Crypt:1  | Found a runed translucent gate.
 56432 | Crypt:1  | Found a runed translucent gate.
 56432 | Crypt:1  | Noticed Nyubb's ghost (veteran MiGl)
 56541 | Crypt:1  | Noticed Sojobo
 56553 | Crypt:1  | Killed Sojobo
 56879 | Crypt:1  | Killed Nyubb's ghost
 57220 | Crypt:2  | Reached skill level 27 in Fighting
 57419 | Crypt:2  | Got the Secrets of Cloudy Shifting
 57581 | Crypt:3  | Entered Level 3 of the Crypt
 57697 | Crypt:3  | Found the +8 lance "Wyrmbane" {slay drac, rPois rF+ rC+
                  | AC+3}
 57699 | Crypt:3  | Found the +7 great mace "Undeadhunter" {disrupt, rN+}
 57965 | Crypt:3  | Identified the ring "Ginustef" {rN+ Dex+5}
 57965 | Crypt:3  | Identified the ring of the King {rPois rN+ Int+2}
 58427 | Crypt:3  | Found a staircase to the Tomb.
 58508 | Tomb:1   | Entered Level 1 of the Tomb of the Ancients
 58714 | Tomb:1   | Acquired 699 gold pieces
 58837 | Tomb:1   | Noticed a royal mummy
 58845 | Tomb:1   | Killed a royal mummy
 59144 | Tomb:1   | Gained mutation: You are frail. (-10% HP) [a neqoxec]
 59145 | Tomb:1   | Gained mutation: Your magical capacity is very low. (-20%
                  | MP) [a neqoxec]
 59147 | Tomb:1   | Noticed a royal mummy
 59154 | Tomb:1   | Killed a royal mummy
 59154 | Tomb:1   | Lost intelligence.
 59711 | Vaults:1 | Bought a potion of mutation for 112 gold pieces
 59812 | Depths:1 | Lost mutation: You are frail. (-10% HP) [potion of
                  | mutation]
 59812 | Depths:1 | Lost mutation: Your muscles are very strong. (Str +8,
                  | Int/Dex -2) [potion of mutation]
 59812 | Depths:1 | Lost mutation: Your muscles are strong. (Str +4, Int/Dex
                  | -1) [potion of mutation]
 59812 | Depths:1 | Gained mutation: You are very clumsy. (Dex -4) [potion of
                  | mutation]
 59812 | Depths:1 | Gained mutation: You have hoof-like feet. [potion of
                  | mutation]
 59812 | Depths:1 | Gained mutation: You have hooves in place of feet. [potion
                  | of mutation]
 59813 | Depths:1 | Lost mutation: You have hooves in place of feet. [potion of
                  | mutation]
 59813 | Depths:1 | Lost mutation: You are very clumsy. (Dex -4) [potion of
                  | mutation]
 59813 | Depths:1 | Lost mutation: You passively map a small area around you.
                  | [potion of mutation]
 59813 | Depths:1 | Gained mutation: You possess an exceptional clarity of
                  | mind. [potion of mutation]
 59819 | Depths:1 | Lost mutation: You are clumsy. (Dex -2) [potion of
                  | mutation]
 59819 | Depths:1 | Lost mutation: Your magical capacity is very low. (-20% MP)
                  | [potion of mutation]
 59819 | Depths:1 | Gained mutation: You are robust. (+10% HP) [potion of
                  | mutation]
 59819 | Depths:1 | Gained mutation: You are dopey. (Int -2) [potion of
                  | mutation]
 59819 | Depths:1 | Gained mutation: You are agile. (Dex +4, Str/Int -1)
                  | [potion of mutation]
 59829 | Depths:1 | Voluntarily entered the Abyss.
 59961 | Depths:1 | Escaped the Abyss
 60273 | Depths:1 | Voluntarily entered the Abyss.
 60716 | Abyss:4  | Reached skill level 27 in Axes
 60813 | Abyss:4  | Got an abyssal rune of Zot
 60819 | Depths:1 | Escaped the Abyss
 61169 | Depths:2 | Bought a potion of might for 64 gold pieces
 61197 | Zig:1    | Entered Level 1 of a ziggurat
 61202 | Zig:1    | Identified the +10 dagger of Ammaoroj {flame, Contam Fly
                  | rElec Will+}
 61205 | Zig:1    | Identified the +4 great mace of the Equinox {vorpal, rPois
                  | rN+ Int+4 Dex-4}
 61209 | Zig:2    | Entered Level 2 of a ziggurat
 61223 | Zig:3    | Entered Level 3 of a ziggurat
 61244 | Zig:4    | Entered Level 4 of a ziggurat
 61263 | Zig:4    | Identified the +7 long sword of Lualoj {protect, rN++}
 61271 | Zig:5    | Entered Level 5 of a ziggurat
 61298 | Zig:6    | Entered Level 6 of a ziggurat
 61323 | Zig:6    | Identified the ring of Yendor {+Blink rF+ AC+4 Str+7}
 61344 | Zig:7    | Entered Level 7 of a ziggurat
 61383 | Zig:8    | Entered Level 8 of a ziggurat
 61453 | Zig:9    | Entered Level 9 of a ziggurat
 61489 | Zig:9    | Got the Anthology of the Equator
 61494 | Zig:10   | Entered Level 10 of a ziggurat
 61576 | Zig:10   | Identified the ring "Qaudyjy" {Ice rN+ Str-2 Dex+3 SInv}
 61580 | Zig:10   | Identified the +8 dagger of the Foot {vorpal, *Corrode rF+
                  | Dex+4}
 61588 | Zig:11   | Entered Level 11 of a ziggurat
 61617 | Zig:11   | Noticed Ziotup the pandemonium lord
 61621 | Zig:11   | Killed Ziotup the pandemonium lord
 61654 | Zig:11   | Identified the +8 mace of Jinageit {drain, Dex+3}
 61712 | Zig:12   | Entered Level 12 of a ziggurat
 61779 | Zig:12   | Identified the +8 broad axe "Vojimm" {vorpal, +Blink Will+
                  | Int+6}
 61792 | Zig:12   | Got Joerieck's Parchment of Kindling
 61807 | Zig:13   | Entered Level 13 of a ziggurat
 61908 | Zig:13   | Identified the +7 battleaxe "Fuulail" {venom, Fly rF+
                  | Str+4}
 61913 | Zig:13   | Identified the +1 robe of Pijemmer {rElec}
 61921 | Zig:14   | Entered Level 14 of a ziggurat
 62022 | Zig:14   | Identified the +5 plate armour "Kasai" {rC- Regen+ Str+10
                  | Stlth-}
 62031 | Zig:14   | Identified the +1 scale mail of the Morning {+Blink Regen+}
 62067 | Hell     | Entered the Vestibule of Hell
 62067 | Hell     | Noticed Geryon
 62067 | Hell     | Noticed Murray
 62082 | Hell     | Killed Geryon
 62088 | Hell     | Killed Murray
 62230 | Hell     | Found a gateway to the ashen valley of Gehenna.
 62304 | Hell     | Found a gateway to the freezing wastes of Cocytus.
 62390 | Hell     | Found a gateway to the decaying netherworld of Tartarus.
 62504 | Hell     | Found a gateway to the Iron City of Dis.
 62546 | Geh:1    | Entered Level 1 of Gehenna
 64136 | Geh:7    | Entered Level 7 of Gehenna
 65146 | Geh:7    | Found the +7 sceptre of Asmodeus
 65146 | Geh:7    | Noticed Asmodeus
 65164 | Geh:7    | Mangled by Asmodeus

Illustrated notes

Levels and vault maps discovered:
D:1:      elethiomel_arrival_quiet, layout_basic,
          dreamdust_ecumenical_altar_grove
D:2:      layout_rooms, uniq_sigmund
D:3:      layout_loops_ring, grunt_temple_overflow_gold_and_silver
D:4:      layout_basic
D:5:      layout_basic, elyvilon_altar_3, minmay_temple_entry_mist,
          nrook_mini_backslash, minmay_starry_boxes, uniq_edmund
D:6:      layout_basic, serial_shops, shop, nicolae_square_shop,
          nicolae_lakefront_shop, nicolae_shop_bloodbath_and_beyond,
          nicolae_shop_crystal, lemuel_flamethrower_1, uniq_duvessa
D:7:      layout_basic, enter_bailey_5, lightli_church_of_beogh,
          uniq_prince_ribbit1
D:8:      layout_loops_corners, general_overflow_altar, old_standard_altar,
          kennysheep_small_square
D:9:      layout_rooms, mainiacjoe_overflow_cross_hatched, marbit_many_paths,
          serial_shops, nicolae_take_the_stairs
D:10:     layout_rooms
D:11:     layout_big_octagon, david_lair_generic, gammafunk_ghost_spectres,
          nicolae_elemental_shop
D:12:     layout_layer_cave, david_orc_2, gammafunk_ghost_smash, uniq_josephine
D:13:     layout_long_grid, chequers_hall_statues_wall_a
D:14:     layout_loops_corners, erik_vaults_2, fedhas_altar_1, serial_shops,
          nicolae_diamond_shop, bh_walls_and_bars
D:15:     hangedman_depths_entry_civil_slaughter, layout_gridville
Temple:   hellmonk_temple_divided_pantheon
Lair:1:   layout_gridlike, nicolae_lair_run_with_the_wolves
Lair:2:   regret_index_combs_of_tragedy, layout_long_grid,
          minmay_shoals_entry_lonely_mermaid, minmay_snake_entry_guardpost_small
Lair:3:   layout_chaotic_city
Lair:4:   layout_gridlike, slime_entry_1
Lair:5:   hangedman_lair_caniforms_friends, layout_concentric_octagons,
          wormcave, lemuel_fruit_tree
Shoals:1: layout_shoals, nicolae_shoals_pincushion_passage
Shoals:2: layout_shoals, uniq_polyphemus
Shoals:3: cheibrodos_shoals_satyrical_garden, layout_shoals, uniq_donald
Shoals:4: shoals_end_grunt_ice, layout_shoals
Snake:1:  layout_concentric_octagons, serial_shops, shop, serial_bayou_shore_b,
          uniq_frances, uniq_aizul, uniq_nikola, uniq_azrael
Snake:2:  layout_cave_shapes, uniq_saint_roka
Snake:3:  layout_grid_shapes
Snake:4:  grunt_snake_rune_spirals, layout_onion, serial_bayou_shore_b
Slime:1:  nicolae_slime_pool, layout_caves
Slime:2:  layout_caves
Slime:3:  layout_caves, dissolution_awaits
Slime:4:  layout_caves
Slime:5
Orc:1:    layout_diamond_mine, basic_altar, elf_legates
Orc:2:    st_orc_mages, layout_caves, statue_in_the_mist_lemuel, rock_pile
Elf:1:    layout_rooms, serial_shops, shop, evilmike_minifort, hex_medium
Elf:2:    elven_hall_of_blades_hangedman_alternative [nicolae_blade_tridents],
          layout_gridlike, basic_altar
Elf:3:    minmay_elf_hall_x, layout_rooms, gammafunk_ghost_grave
Vaults:1: nicolae_vaults_asterisk, v_misc_33, v_misc_23,
          vaults_room_mumra_shop_pool, v_misc_29, v_alt_pattern_1,
          v_alt_pattern_4, ontoclasm_vaults_loading_screen, vaults_room_hallway,
          v_rooms_3, nicolae_vaults_yaktaur_gun_rack,
          nicolae_vaults_sealed_display, layout_vaults_omnicross
Vaults:2: v_alt_pattern_3, nicolae_vaults_shelves_hall, v_alt_pattern_2,
          nicolae_vaults_triangles, v_misc_1, nicolae_vaults_disjoint_gnomons,
          v_misc_5, vaults_room_door_ring, layout_vaults_chaotic_city,
          minmay_crypt_entry_nasty_monster, serial_shops,
          nicolae_shop_hallway_stairs, shop, uniq_zenata
Vaults:3: mu_enter_wizlab_1, hangedman_vaults_maws, ontoclasm_vaults_pinch,
          v_misc_8, vaults_room_hallway, vaults_mumra_hex, v_pattern_3,
          vaults_room_grunt_arrival_checkpoint, hangedman_vaults_maws,
          ontoclasm_vaults_gallery, v_alt_pattern_4, v_rooms_2,
          layout_vaults_maze_snakey, uniq_jory, uniq_asterion
Vaults:4: hangedman_vaults_slice, vaults_mumra_chevron,
          ontoclasm_vaults_claustrophobia, ontoclasm_vaults_ring_square,
          grunt_vaults_hallway_short, grunt_vaults_hallway_long, st_lattice,
          ontoclasm_vaults_chip, layout_vaults_quadrants, uniq_margery
Vaults:5
Crypt:1:  layout_gridlike, gammafunk_ghost_split, uniq_sojobo
Crypt:2:  layout_regular_city, minivault_26
Crypt:3:  david_glass_crypt, layout_misc_corridors, tomb_entry_shell_bobbens
Tomb:1:   uniq_mennas
Depths:1: evilmike_inaccessible_box, layout_cave_pools,
          pf_vacation_house_of_asmodeus, lemuel_statue_altar,
          abyss_entry_flame_altar, special_room [special_room_morgue],
          serial_bayou_pond_d, grunt_ministairs_13, roderic_st_hans_cross,
          nicolae_shop_clearance
Depths:2: cross_vault, layout_cave_shapes, abyss_entry, rand_demon_pan_entry_7,
          hell_entry, reono_crystal_passage, kennysheep_cluttered_room,
          minmay_shop_star, uniq_enchantress
Depths:3: evilmike_makhleb_hellhole, layout_honeycomb,
          abyss_entry_small_statue_room, nrook_campfire, trove_entry_hex_spiral,
          hell_entry, minmay_shoptagon
Depths:4: grunt_zot_entry_funnels, layout_basic, enter_ziggurat_f,
          wad_floor_pattern_1, grunt_pan_entry_zigzag,
          nicolae_hell_entry_hellmouth_sunbeams
Hell
Geh:1:    layout_gehenna_pools_triple
Geh:2:    nicolae_geh_realm_of_the_lava_sea
Geh:3:    layout_gehenna_pools_basic
Geh:4:    layout_gehenna_lava_caves
Geh:5:    layout_gehenna_lava_caves
Geh:6:    layout_gehenna_lava_caves
Geh:7:    geh_hangedman

Skill      XL: |  1  2  3  4  5  6  7  8  9 10 11 12 13 14 15 16 17 18 19 20 21 22 23 24 25 26 27 |
---------------+----------------------------------------------------------------------------------+-----
Fighting       | 4 5 6 7 8 10 12 13 14 16 18 19 20 22 23 24 25 26 27 | 27.0
Axes           | 3 4 5 6 7 10 12 15 16 17 19 20 22 23 24 25 27 | 27.0
Invocations    | 3 7 9 11 12 13 14 15 16 | 16.0
Armour         | 5 6 9 10 11 12 14 16 24 | 24.7
Shields        | 6 9 |  9.2
Dodging        | 3 7 10 12 14 15 17 18 19 25 | 25.3
Polearms       | 4 8 |  8.2
Throwing       | 3 5 |  5.1
Evocations     | 3 5 8 |  8.2

Action                   |  1- 3 |  4- 6 |  7- 9 | 10-12 | 13-15 | 16-18 | 19-21 | 22-24 | 25-27 || total
-------------------------+-------+-------+-------+-------+-------+-------+-------+-------+-------++-------
Melee: War axe           |    86 |   166 |   291 |   567 |  1157 |  1123 |   116 |       |       ||  3506
       Flail             |       |       |       |     2 |       |       |       |       |       ||     2
       Executioner's axe |       |       |       |       |    20 |       |   494 |   945 |  1019 ||  2478
       Great mace        |       |       |       |       |       |       |   425 |       |       ||   425
       Battleaxe         |       |       |       |       |       |       |       |       |   959 ||   959
Throw: Javelin           |       |     6 |     6 |    32 |    34 |     4 |     6 |    15 |       ||   103
       Throwing net      |       |       |       |     3 |       |       |       |       |       ||     3
Invok: Minor Destruction |       |       |       |     4 |       |       |       |       |       ||     4
       Lesser Servant of |       |       |       |     6 |     3 |     2 |     1 |       |       ||    12
       Major Destruction |       |       |       |     6 |       |     1 |       |       |       ||     7
       Greater Servant o |       |       |       |       |       |     4 |     2 |     3 |     4 ||    13
Evoke: Wand              |       |       |       |     6 |    11 |     7 |     8 |    10 |    16 ||    58
       Tin of tremorston |       |       |       |       |       |       |       |       |     1 ||     1
  Use: Potion            |       |     1 |     3 |     7 |     2 |     4 |     1 |     2 |    10 ||    30
       Scroll            |       |     6 |    13 |     7 |    11 |     6 |     4 |     3 |    11 ||    61
 Stab: Distracted        |       |       |       |       |     1 |     3 |     5 |     2 |     3 ||    14
       Invisible         |       |       |       |       |       |     2 |     2 |       |     3 ||     7
Armor: Scale mail        |    38 |    20 |    94 |   213 |    54 |       |       |       |       ||   419
       Chain mail        |       |    55 |     7 |       |       |       |       |       |       ||    62
       Plate armour      |       |       |       |       |   370 |   311 |   250 |       |       ||   931
       Gold dragon scale |       |       |       |       |       |       |   126 |   248 |   568 ||   942
Dodge: Dodged            |    42 |    76 |   175 |   260 |   351 |   377 |   554 |   290 |   942 ||  3067
Block: Buckler           |    27 |    37 |    77 |   248 |   198 |       |       |    27 |       ||   614
       Kite shield       |       |       |       |       |   327 |   598 |   795 |   509 |  1160 ||  3389
       Reflection        |       |       |       |       |       |       |       |    22 |       ||    22
       Rpst.: War axe    |       |    11 |    57 |   146 |   281 |   238 |    25 |       |       ||   758
       Flail             |       |       |       |     5 |       |       |       |       |       ||     5
       Executioner's axe |       |       |       |       |     4 |       |   136 |   186 |   281 ||   607
       Great mace        |       |       |       |       |       |       |   178 |       |       ||   178
       Battleaxe         |       |       |       |       |       |       |       |       |   223 ||   223
